Cogmind - Beta 15 @@@ ROGUE MODE // 2025.06.03 @ 20:27:29 Player: Nueadkie Result: Destroyed by G-47 Trooper with Particle Gun Performance ------------- Evolutions (2) 1000 Regions Visited (3) 600 Robots Destroyed (48) 240 Value Destroyed (947) 947 Prototype IDs (3) 60 Alien Tech Used (0) 0 Bonus (0) 0 TOTAL SCORE: 2847 Bonus ------- None Cogmind --------- Core Integrity 0/550 Matter 240/300 Energy 79/100 System Corruption 1% Temperature Cool (9) Movement Core (50) Location -8/Materials Parts ------- > --- POWER (1) -------- (None) > --- PROPULSION (4) --- (None) > --- UTILITY (4) ------ Improved Signal Interpreter > --- WEAPON (2) ------- (None) > --- INVENTORY (5) ---- Machine Analyzer Hacking Suite Makeshift System Shield Grenade Launcher Peak State ------------ > --- POWER ------------ Ion Engine > --- PROPULSION ------- Aluminum Leg Aluminum Leg Aerolev Unit > --- UTILITY ---------- Medium Storage Unit Improved Signal Interpreter Improved Terrain Scanner Hardlight Generator > --- WEAPON ----------- Autogun Light Cannon > --- INVENTORY -------- Light Ion Engine Flight Unit Machine Analyzer Signal Interpreter Hacking Suite Makeshift System Shield Pulse Rifle Grenade Launcher Grenade Launcher Mining Laser [Rating: 21] Favorites ----------- Power Ion Engine Engine Ion Engine Propulsion Aluminum Leg Leg Aluminum Leg Wheel Subdweller Monowheel Hover Unit Aerolev Unit Utility Improved Terrain Scanner Device Improved Terrain Scanner Storage Medium Storage Unit Processor Improved Signal Interpreter Weapon Light Cannon Energy Gun Medium Laser Ballistic Gun Subdweller Machine Gun Ballistic Cannon Light Cannon Launcher Grenade Launcher Special Weapon Mining Laser Build | -11 -10 -10 -8 ------- Run | Yrd Mat Sub Mat Slots Evolved 4 | . . . 4 Power . | . . . . Propulsion 2 | . . . 2 Utility 2 | . . . 2 Weapon . | . . . . Parts Attached 26 | 7 6 2 11 Power 3 | 1 . . 2 Engine 3 | 1 . . 2 Core . | . . . . Reactor . | . . . . Propulsion 5 | 2 . 1 2 Treads . | . . . . Leg 3 | 2 . . 1 Wheel 1 | . . 1 . Hover 1 | . . . 1 Flight . | . . . . Utility 6 | 2 2 . 2 Device 3 | 1 1 . 1 Storage 2 | 1 1 . . Processor 1 | . . . 1 Hackware . | . . . . Protection . | . . . . Artifact . | . . . . Weapon 12 | 2 4 1 5 Energy Gun 3 | 1 . . 2 Energy Cannon . | . . . . Ballistic Gun 3 | 1 . 1 1 Ballistic Cannon 4 | . 3 . 1 Launcher 1 | . . . 1 Special Weapon 1 | . 1 . . Impact Weapon . | . . . . Slashing Weapon . | . . . . Piercing Weapon . | . . . . Special Melee Weapon . | . . . . Unidentified Prototypes 1 | . . . 1 Corrupted Parts 1 | . . . 1 System Corruption 1 | . . . 1 Parts Lost 17 | . 1 3 13 Power 2 | . . . 2 Propulsion 4 | . . 1 3 Utility 2 | . . . 2 Weapon 9 | . 1 2 6 Highest Loss Streak 7 | . 1 2 7 To Critical Strikes . | . . . . Average Backups 9 | 1 9 9 9 Power . | . 1 1 . Propulsion 1 | . 1 1 . Utility 2 | . 1 3 3 Weapon 4 | . 5 4 3 Tool/Special . | . . . . Unused Backups 8 | . 1 1 6 Power . | . . . . Propulsion 2 | . . 1 1 Utility 4 | . . . 4 Weapon 2 | . 1 . 1 Tool/Special . | . . . . Average Slot Usage (%) 87 | . 98 95 63 Engine 12 | . 14 14 7 Leg 20 | . 28 22 9 Device 13 | . 14 14 11 Storage 12 | . 14 14 8 Processor 2 | . . . 8 Ballistic Gun 4 | . . 5 7 Ballistic Cannon 19 | . 25 22 7 Peak Build Rating 21 | 9 10 12 21 Average Rating 11 | 6 9 10 14 On Entrance 7 | . 9 10 9 Naked Turns . | . . . . Heaviest Build 27 | 15 22 23 27 Greatest Support 20 | 20 20 20 20 Greatest Overweight (x) 4 | 1 1 2 4 Average Overweight (x) . | . . 1 1 Largest Inventory Capacity 10 | 8 10 10 10 Average Capacity 9 | 7 9 10 9 Most Carried 10 | 4 10 10 10 Average Carried 9 | 1 9 9 9 Final Capacity 10 | 8 10 10 5 Final Carried 10 | 4 9 10 4 Class Distribution -------------------- 100% | Mutant Dominant Class ---------------- Mutant | -10/Materials Mutant | -10/Subcaves Mutant | -8/Materials Resources | -11 -10 -10 -8 ----------- Run | Yrd Mat Sub Mat Matter Collected 1165 | 266 426 106 367 Remotely . | . . . . Salvage Created 1102 | 76 427 105 494 Parts 105 | 11 40 9 45 Haulers Intercepted 1 | . 1 . . Recyclers Shooed 2 | . . . 2 Parts Field Recycled . | . . . . Retrieved Matter . | . . . . Parts Self-Destructed . | . . . . Prevented . | . . . . Kills | -11 -10 -10 -8 ------- Run | Yrd Mat Sub Mat Combat Hostiles Destroyed 29 | . 14 3 12 Guns 3 | . . . 3 Cannons 23 | . 14 3 6 AOE 3 | . . . 3 Classes Destroyed 13 | 1 6 2 4 Worker 2 | . . . 2 Builder 5 | . . . 5 Tunneler 4 | 4 . . . Hauler 1 | . 1 . . Recycler 2 | . . . 2 Mechanic 1 | . 1 . . Operator 2 | . 2 . . Watcher 2 | . 2 . . Swarmer 14 | . 8 . 6 Grunt 8 | . 6 . 2 Sentry 4 | . . . 4 Artisan 1 | . . 1 . Subdweller 3 | . . 3 . Best Kill Streak 10 | 4 3 2 10 Combat Bots Only 4 | . 3 2 4 Max Kills in Single Turn 6 | 1 2 1 6 Gunslinging . | . . . . Exploded 1 | . . . 1 Melee . | . . . . Uniques/NPCs Destroyed . | . . . . Combat | -11 -10 -10 -8 -------- Run | Yrd Mat Sub Mat Hostile Shots Fired 193 | . 44 21 128 Missed 49 | . 13 4 32 Hits 144 | . 31 17 96 Melee 14 | . . . 14 Projectile 130 | . 31 17 82 Critical Strikes 7 | . . 1 6 Damage Taken 2183 | . 362 446 1375 Core 694 | . 47 81 566 Absorbed by Shields 136 | . . . 136 Core Remaining (%) 74 | 100 . 48 . Volleys Fired 132 | 5 49 14 64 Largest 2 | 2 2 2 2 Hottest 100 | 70 100 60 100 Shots Fired 221 | 10 89 23 99 Gun 66 | 10 . 3 53 Cannon 149 | . 88 20 41 Launcher 4 | . . . 4 Special 2 | . 1 . 1 Kinetic 194 | 5 88 23 78 Thermal 20 | 5 1 . 14 Explosive 4 | . . . 4 Electromagnetic 3 | . . . 3 Robot Hit Streak 11 | 3 7 8 11 Robot Miss Streak 5 | 1 5 2 4 Penetration Max . | . . . . Secondary Targets . | . . . . Shots Hit Robots 121 | 5 41 15 60 Core Hits 62 | 4 21 7 30 Critical Kills . | . . . . Critical Parts Destroyed 1 | . . . 1 Critical Strikes 5 | . 3 1 1 Destroy 1 | . . . 1 Blast 4 | . 3 1 . Melee Attacks . | . . . . Impact . | . . . . Slashing . | . . . . Piercing . | . . . . Sneak Attacks . | . . . . Combat Hostiles . | . . . . Follow-up Attacks . | . . . . Damage Inflicted 2704 | 62 838 260 1544 Guns 651 | 62 . 26 563 Cannons 1547 | . 814 234 499 Explosions 482 | . . . 482 Melee . | . . . . Ramming . | . . . . Kinetic 1918 | 13 814 260 831 Thermal 324 | 49 24 . 251 Explosive 433 | . . . 433 Electromagnetic 29 | . . . 29 Impact . | . . . . Slashing . | . . . . Piercing . | . . . . Highest Corruption 1 | . . . 1 Average Corruption 1 | . . . 1 Corruption Purged . | . . . . Corruption Blocked . | . . . . Overload Shots . | . . . . Overflow Damage 48 | . 30 . 18 Projectiles 30 | . 30 . . Explosions 18 | . . . 18 Melee . | . . . . Knockbacks 15 | . 7 3 5 Impact . | . . . . Kinetic 14 | . 7 3 4 Secondary 1 | . . . 1 Self-Inflicted Damage 166 | . 72 . 94 Shots 5 | . 1 . 4 Rammed . | . . . . Targets Rammed . | . . . . Kicked . | . . . . Crushed . | . . . . Highest Temperature 36 | 18 36 . 20 Average Temperature 10 | 7 14 . 7 Received Heat Transfer 307 | . 66 . 241 Siege Activations . | . . . . Martial Activations . | . . . . Shielding Activations . | . . . . Robots Disrupted . | . . . . Combat Hostiles . | . . . . Robots Corrupted . | . . . . Combat Hostiles . | . . . . Parts Fried . | . . . . Impact Corruptions . | . . . . Robots Melted . | . . . . Combat Hostiles . | . . . . Parts Melted . | . . . . Heat Transferred 692 | 148 50 . 494 Parts Sabotaged . | . . . . Parts Stolen . | . . . . Parts Stripped . | . . . . Power Chain Reactions 1 | . . . 1 Alert | -11 -10 -10 -8 ------- Run | Yrd Mat Sub Mat Maximum Alert Level . | . . . . Low Security (%) 100 | 100 100 . 100 Level 1 . | . . . . Level 2 . | . . . . Level 3 . | . . . . Level 4 . | . . . . Level 5 . | . . . . High Security . | . . . . Max Security . | . . . . Peak Influence 131 | 10 116 . 131 Initial . | . . . . Average 44 | 1 61 . 28 Influence Increases 915 | 20 467 . 428 Destroy 0b10 Robot/C 520 | . 280 . 240 Destroy 0b10 Robot/NC 100 | 20 35 . 45 Destroy Leader 116 | . 56 . 60 Disable Machine 75 | . 45 . 30 Destroy Structure 44 | . 21 . 23 Lose Combat Pursuer 60 | . 30 . 30 Influence Decreases 777 | 20 388 79 290 Entered New Map 39 | . . 39 . Time Decay 598 | 20 378 40 160 Lost Part 140 | . 10 . 130 Squads Dispatched 3 | . 3 . . Investigation 2 | . 2 . . Extermination . | . . . . Reinforcement 1 | . 1 . . Assault . | . . . . Garrison . | . . . . Intercept . | . . . . Searches Triggered . | . . . . Construction Impeded . | . . . . Haulers Reinforced . | . . . . Active Scanning Responses . | . . . . Cargo Convoy Interrupts . | . . . . Stealth | -11 -10 -10 -8 --------- Run | Yrd Mat Sub Mat Distress Signals 6 | . 3 . 3 Communications Jammed . | . . . . Distress Signals . | . . . . Times Spotted 45 | . 22 4 19 Peak Tracking Total 8 | . 6 2 8 Tactical Retreats 2 | . 1 . 1 Traps | -11 -10 -10 -8 ------- Run | Yrd Mat Sub Mat Traps Triggered 3 | . 1 2 . Indirectly . | . . . . Trap Hack Attempts . | . . . . Triggered . | . . . . Disarmed . | . . . . Reprogrammed . | . . . . Reused . | . . . . Traps Extracted . | . . . . Installed . | . . . . Triggered . | . . . . Machines | -11 -10 -10 -8 ---------- Run | Yrd Mat Sub Mat Machines Disabled 6 | . 4 . 2 Max in Single Turn 2 | . 2 . 1 Machines Repaired . | . . . . Machines Dismantled . | . . . . Machines Sabotaged . | . . . . Overloaded Fab Kills . | . . . . Hacking | -11 -10 -10 -8 --------- Run | Yrd Mat Sub Mat Machines Accessed 2 | . 1 1 . Terminals 1 | . 1 . . Fabricators . | . . . . Repair Stations . | . . . . Recycling Units . | . . . . Scanalyzers . | . . . . Garrison Access . | . . . . Total Hacks 5 | . 1 4 . Successful 5 | . 1 4 . Failed . | . . . . Catastrophic . | . . . . Database Lockouts . | . . . . Manual 4 | . 4 . . Terminals 1 | . 1 . . Fabricators . | . . . . Repair Stations . | . . . . Recycling Units . | . . . . Scanalyzers . | . . . . Garrison Access . | . . . . Terminal Hacks 5 | . 1 4 . Record 4 | . . 4 . Prototype ID Bank 1 | . 1 . . Fabricator Hacks . | . . . . Repair Station Hacks . | . . . . Recycling Unit Hacks . | . . . . Scanalyzer . | . . . . Garrison Access Hacks . | . . . . Unauthorized Hacks . | . . . . Terminals . | . . . . Fabricators . | . . . . Repair Stations . | . . . . Recycling Units . | . . . . Scanalyzers . | . . . . Garrison Access . | . . . . Data Cores Recovered 1 | . 1 . . Used 1 | . 1 . . Hacking Detections 1 | . 1 . . Full Trace Events 1 | . 1 . . Feedback Events . | . . . . Feedback Blocked . | . . . . Robot Schematics Acquired . | . . . . Robots Built . | . . . . Authchips . | . . . . Time . | . . . . Total Robot Build Rating . | . . . . Part Schematics Acquired . | . . . . Parts Built . | . . . . Authchips . | . . . . Time . | . . . . Total Part Build Rating . | . . . . Parts Repaired . | . . . . Time . | . . . . Parts Recycled . | . . . . Recycled Matter . | . . . . Retrieved Matter . | . . . . Retrieved Components . | . . . . Parts Scanalyzed . | . . . . Part Schematics Acquired . | . . . . Parts Damaged . | . . . . Bothacking | -11 -10 -10 -8 ------------ Run | Yrd Mat Sub Mat Used RIF Installer . | . . . . Robots Hacked . | . . . . Non-combat . | . . . . Combat . | . . . . Robot Hacks Applied . | . . . . Relay Couplers Released . | . . . . Fabnet Peak Effective % . | . . . . Robots Rewired . | . . . . Allies Hacked . | . . . . Hacks Repelled . | . . . . Allies | -11 -10 -10 -8 -------- Run | Yrd Mat Sub Mat Total Allies . | . . . . Largest Group . | . . . . Highest-Rated Group . | . . . . Highest-Rated Ally . | . . . . Total Orders . | . . . . Ally Attacks . | . . . . Total Damage . | . . . . Kills . | . . . . Allies Corrupted . | . . . . Allies Melted . | . . . . Intel | -11 -10 -10 -8 ------- Run | Yrd Mat Sub Mat Active Infowar (turns) 2628 | 28 948 1015 637 Terrain 2628 | 28 948 1015 637 Robot Analysis Total . | . . . . Derelict Logs Recovered 1 | . . 1 . Drone Launches . | . . . . Drone Recoveries . | . . . . Exploration | -11 -10 -10 -8 ------------- Run | Yrd Mat Sub Mat Turns Passed 2804 | 84 948 1015 757 Spaces Moved 1321 | 44 504 520 253 Core 49 | 2 . . 47 Treads . | . . . . Legs 1130 | 42 504 398 186 Wheels 122 | . . 122 . Hover 20 | . . . 20 Flight . | . . . . Fastest Speed 50 | 50 120 120 50 Average Speed 177 | 126 156 185 210 Slowest Speed 260 | 190 190 260 260 Overloaded Moves . | . . . . Propulsion Burnouts . | . . . . Robots Hopped . | . . . . Potential Cave-ins . | . . . . Cave-ins Triggered . | . . . . Exploration Rate (%) 38 | 4 70 55 25 Regions Visited 3 Branch Regions 1 Pre-discovered Areas 3 | . . 3 . Known Exits Taken . | . . . . Unknown Exits Taken 3 | 1 1 1 . Scrap Searched 2 | . . 2 . Spaces Dug 1 | . . . 1 Terrain Destroyed 42 | . 18 . 24 Melee . | . . . . Projectile 1 | . . . 1 AOE 41 | . 18 . 23 Terrain Rammed . | . . . . Walls Destroyed . | . . . . Machines Disabled . | . . . . Actions | -11 -10 -10 -8 --------- Run | Yrd Mat Sub Mat Total 1562 | 59 575 546 382 Wait 54 | . 1 7 46 Move 1318 | 43 503 519 253 Hop . | . . . . Pick Up 18 | 4 9 2 3 Fast Attach 18 | 7 2 2 7 Attach 6 | . 1 . 5 Detach . | . . . . Swap 6 | . 4 . 2 Drop 10 | . 6 2 2 Fire 132 | 5 49 14 64 Melee . | . . . . Ram . | . . . . Kick . | . . . . Crush . | . . . . Escape Stasis . | . . . . Rewire . | . . . . Trap . | . . . . Miscellaneous . | . . . . Route ------- -11/Scrapyard -10/Materials (discovered 4 exits: [*Mat x2] / [*Min] / *Sub) -10/Subcaves -8/Materials History --------- Turn | Location | Event 9 | -11/Scrapyard | Discovered new exit (range 15) 85 | -11/Scrapyard | Entered Materials 121 | -10/Materials | Discovered new exit (range 16) 189 | -10/Materials | Discovered new exit (range 7) 301 | -10/Materials | Build established: Mutant 569 | -10/Materials | Discovered new exit (range 13) 685 | -10/Materials | Derelicts attacked the area 1022 | -10/Materials | Discovered new exit (range 9) 1033 | -10/Materials | Entered Subcaves 1034 | -10/Subcaves | Approached by a straggling Scientist 1146 | -10/Subcaves | Visited Clippyterm 1152 | -10/Subcaves | Learned location of Extension (-5) 1152 | -10/Subcaves | Learned 40 Factory zone layouts 1283 | -10/Subcaves | Learned location of Zion (-6) 1836 | -10/Subcaves | A swath of the cavern ceiling suddenly collapsed 1847 | -10/Subcaves | Met a Zionite searching for "candidates" 1926 | -10/Subcaves | A swath of the cavern ceiling suddenly collapsed 1928 | -10/Subcaves | Discovered new exit (range 16) 2037 | -10/Subcaves | Ambushed by angry Subdweller bent on revenge 2039 | -10/Subcaves | Core integrity fell below 50% 2048 | -10/Subcaves | Entered Materials 2048 | -8/Materials | Evolved 4 slots: Propulsion x2, Utility x2 2743 | -8/Materials | Lost 6 parts (1p1n2u2w) 2765 | -8/Materials | Core integrity fell below 50% 2803 | -8/Materials | Core integrity fell below 20% 2805 | -8/Materials | Destroyed by G-47 Trooper with Particle Gun Last Messages --------------- 02788_ K-01 Serf collects debris. 02788_ U-05 Engineer lays Concrete. 02791_ K-01 Serf collects debris. 02791_ U-05 Engineer lays Concrete. 02793_ U-05 Engineer builds a Wall. 02794_ U-05 Engineer lays Concrete. 02797_ U-05 Engineer builds a Wall. 02799_ U-05 Engineer lays Concrete. 02799_ G-47 Trooper destroyed. 02799_ U-05 Engineer destroyed. 02799_ R-06 Scavenger destroyed. 02800_ K-01 Serf collects debris. 02801_ K-01 Serf destroyed. 02801_ S-10 Pest destroyed. 02801_ U-05 Engineer lays Concrete. 02804_ U-05 Engineer builds a Wall. 02805_ Destroyed Imp. Ion Engine. 02805_ Grenade Launcher destroyed. 02805_ Destroyed Grenade Launcher. 02805_ Electrolysis Chamber disabled. Map ----- +----------------------------------------------------+ | ?????????????????????????????????????????????????? | | ?????????????????????????????????????????????????? | | ?????????????????????????????????????????????????? | | ?????????????????????????????????????????????????? | | ?????????????????????????????????????????????????? | | ?????????????????????????????????????????????????? | | ?????????????????????????????????????????????????? | | ?????????????????????????????????????????????????? | | ?????????????????????????????????????????????????? | | ?????????????????????????????????????????????????? | | ?????????????????????????????????????????????????? | | ?????????????????????????????????????????????????? | | ?????????????????????????????????????????????????? | | ?????????????????????????????????????????????????? | | ?????????????????????????????????????????????????? | | ?????????????????????????????????????????????????? | | ?????????????????????????????????????????????????? | | ?????????????????????????????????????????????????? | | ?????????????????????????????????????????????????? | | ?????????????????????????????????????????????????? | | ???????????????????????##########????????????????? | | ???????????????????????# #????????????????? | | ??????????????????????## """ #????????????????? | | ??????????????????????# """|#????????????????? | | ??????????????????????## ! ""=##???????????????? | | ? ??????? ???????????# @ * *=|#???????????????? | | ? ?##?? ???????????## l [!*% #???????????????? | | ? ??????? ????????????# % #???????????????? | | ? #?????? ??????? ???? g %= #??????????????? | | / ??????? ???????????## !% #??????????????? | | # #????###/####???#???### #??????????????? | | # #????# ############ ! # ########+#?????? | | #??## u ????? | | " ??? r a ????? | | ????# a ????? | | # #????? ??############ ##########+#?????? | | # ####### #?????????????## ##????????????????? | | # + # #?????#????#???# #?????????????????? | | # # # ########??#?#??# #?????????????????? | | # # # # #???#??## #??#??????????????? | | # # # + #???????# ##????????????????? | | # # [# # #???????# #?????????????????? | | + # + # #??????## ##????????????????? | | # # ##### ######## %#????????????????? | | #!#######???# # #?????#??????????? | | # ###???#??## %/ = ##????#??????????? | | # #???#####?# * #=! #?????#??????????? | | # #????##??## % #=! #### %#????????????????? | | # ####?##??## # #??###/###????????????????? | | # !####???# # #??? ?????????????????? | +----------------------------------------------------+ Best States ------------- Heat Dissipation 31 Energy Generation 10 Energy Capacity 250 Matter Stores 300 Matter Capacity 300 Sight Range 16 Terrain Scan Range 16 Terrain Scan Density 10 Evasion (%) 55 Item Schematics ----------------- None Robot Schematics ------------------ None Fabricated ------------ Nothing Repaired ---------- Nothing Alien Tech Used ----------------- None Achievements -------------- None Challenges ------------ None Game ------ Seed CloakingReflectiveJetlance Manual? 0 Play Time 00:23:50 Cumulative 23.3 hours Start 2025.06.03 @ 20:06:33 End 2025.06.03 @ 20:27:29 Sessions 1 Manual Loads 0 Difficulty Rogue Special Mode None Game No. 35 Rogue 35 Adventurer 0 Explorer 0 Win Type - Total 0 Types 0/0/0/0/0/0/0/0/0/0 Lore% 21 Gallery% 21 Achievement% 21 Wizard Run 0 Options --------- Layout 0 ASCII 0 Keyboard 0 Movement Vi Keybinds 0 Fullscreen 1 Font 36/Smallcaps Map View 76x50 Zoom Use 0% Tactical HUD 1 Map Filters NONE Filters NONE Steam 1 RUN: 4e130a12-3542-4f29-a7ed-d1c5ea3beda0